[Event "Titled Tuesday Blitz January 10 Late 2023"]
[White "Jaracz, Pawel"]
[Black "Richter, Paul"]
[WhiteFideId "1102222"]
[BlackFideId "2046350"]
[WhiteElo "2467"]
[BlackElo "2171"]
[Result "1/2-1/2"]
[Round "05"]
[TimeControl "180+2"]
[Date "2023.01.10"]
[WhiteClock "0:00:06"]
[BlackClock "0:00:07"]

1. e4 c5 2. Nf3 d6 3. d4 cxd4 4. Nxd4 Nf6 5. Nc3 g6 6. Be3 Bg7 7. f3 O-O 8. Qd2 Nc6 9. Bc4 Bd7 10. Bb3 a5 11. a4 Rb8 12. Ndb5 Rc8 13. O-O Ne5 14. Kh1 Nc4 15. Bxc4 Rxc4 16. b3 Rc8 17. Bd4 Bc6 18. Rfe1 d5 19. exd5 Nxd5 20. Bxg7 Kxg7 21. Nxd5 Qxd5 22. Qc3+ Kg8 23. Na7 Rc7 24. Re5 Qd6 25. Qe1 b6 26. Rd1 Qf6 27. c4 Rxa7 28. Qe3 Rb7 29. h3 e6 30. Rd6 Rc8 31. f4 Be8 32. Kh2 Rcb8 33. Kg3 Qe7 34. Rdd5 Rd7 35. Qe2 Rxd5 36. cxd5 Bd7 37. Qc4 Rc8 38. Qd4 Qc5 39. Qd1 exd5 40. Rxd5 Qc3+ 41. Rd3 Qf6 42. Rxd7 Rc3+ 43. Rd3 Rxd3+ 44. Qxd3 h5 45. Qe3 Kg7 46. Qe5 Qxe5 47. fxe5 Kf8 48. Kf4 Ke7 49. Ke4 Ke6 50. Kd4 h4 51. Ke4 f6 52. exf6 Kxf6 53. Kd5 Kf5 54. Kc6 Kf4 55. Kxb6 Kg3 56. Kxa5 Kxg2 57. b4 Kxh3 58. b5 g5 59. b6 g4 60. b7 g3 61. b8=Q g2 62. Qb3+ Kh2 63. Qc2 Kh1 64. Qe4 h3 65. Qf3 h2 66. Kb4 Kg1 67. Qe3+ Kf1 68. Qf3+ Kg1 69. Qd1+ Kf2 70. Qd2+ Kf1 71. Qd3+ Kf2 72. Qd4+ Kf1 73. Qe4 g1=Q 74. Qd3+ Kf2 75. Qd4+ Kg2 76. Qg4+ Kf1 77. Qd1+ Kf2 78. Qd4+ Kg3 79. Qe5+ Kh3 80. Qh5+ Kg2 81. Qg4+ Kh1 82. Qf3+ Qg2 83. Qd1+ Qg1 84. Qf3+ Qg2 85. Qd1+ Qg1 86. Qf3+ 1/2-1/2


[Site "https://www.chess.com"]

[Event "Titled Tuesday Blitz January 10 Late 2023"]
[White "Nogerbek, Kazybek"]
[Black "Pham, Khoi"]
[WhiteFideId "13710427"]
[BlackFideId "1054988"]
[WhiteElo "2474"]
[BlackElo "2355"]
[Result "0-1"]
[Round "05"]
[TimeControl "180+2"]
[Date "2023.01.10"]
[WhiteClock "0:00:06"]
[BlackClock "0:00:11"]

1. d4 Nf6 2. Nf3 d5 3. c4 e6 4. Nc3 c6 5. e3 Nbd7 6. Bd3 dxc4 7. Bxc4 b5 8. Bd3 Bd6 9. Qc2 Bb7 10. a4 b4 11. Ne4 Nxe4 12. Bxe4 Rc8 13. O-O Nf6 14. Bd2 Nxe4 15. Qxe4 O-O 16. Rfc1 a5 17. Rc2 Qb6 18. Ng5 g6 19. Qh4 h5 20. Ne4 c5 21. Nf6+ Kg7 22. Qg5 Rh8 23. Nd7 Qd8 24. Qxd8 Rhxd8 25. Nb6 Rc6 26. dxc5 Bxc5 27. Nc4 Be7 28. b3 Ba6 29. Be1 Bxc4 30. bxc4 Bf6 31. Rb1 Rd3 32. h3 Ra3 33. Bxb4 axb4 34. Rxb4 Rc3 35. Rd2 R3xc4 36. Rb7 Rc7 37. Rxc7 Rxc7 38. Rd3 Ra7 39. Ra3 Be7 40. Ra2 Kf6 41. Kf1 Ke5 42. Ke2 Kd5 43. Kd3 Kc5 44. g4 Kb4 45. gxh5 gxh5 46. Rc2 Kxa4 47. Ke4 Kb4 48. Rc8 Bd6 49. Rh8 Ra5 50. Rh7 Rf5 51. f4 Kc5 52. Rh8 Kb4 53. Rd8 Bc5 54. Rd7 Kc4 55. Kf3 Rd5 56. Rxf7 Rd3 57. f5 Rxe3+ 58. Kg2 e5 59. Rd7 Re4 60. Rh7 h4 61. f6 Rf4 62. f7 Kd3 63. Rh5 Bd4 64. Rxh4 Rxf7 65. Rg4 Ke2 66. Re4+ Kd3 67. Re1 e4 68. h4 e3 69. Rd1+ Ke4 70. h5 e2 71. Rb1 Bc3 72. h6 e1=Q 73. Rxe1+ Bxe1 74. h7 Rxh7 0-1


[Site "https://www.chess.com"]

[Event "Titled Tuesday Blitz January 10 Late 2023"]
[White "Fiorito, Francisco"]
[Black "Yuan, Qingyu"]
[WhiteFideId "180165"]
[BlackFideId "8609772"]
[WhiteElo "2305"]
[BlackElo "2373"]
[Result "0-1"]
[Round "05"]
[TimeControl "180+2"]
[Date "2023.01.10"]
[WhiteClock "0:00:54"]
[BlackClock "0:00:27"]

1. e4 e5 2. Nf3 Nc6 3. Bb5 Nf6 4. O-O Nxe4 5. Re1 Nd6 6. Nxe5 Be7 7. Bf1 Nxe5 8. Rxe5 O-O 9. d4 Bf6 10. Re1 Re8 11. c3 Rxe1 12. Qxe1 Ne8 13. Bd3 d5 14. Bf4 g6 15. Nd2 Ng7 16. Nf3 Bf5 17. Bxf5 Nxf5 18. Be5 Be7 19. Qd2 c6 20. Re1 Qd7 21. g3 Re8 22. h4 h5 23. Re2 Bf8 24. Qe1 Bh6 25. Bf6 Rxe2 26. Qxe2 Nd6 27. Qe5 Bf8 28. b3 Ne4 29. Qf4 Qe6 30. Be5 Nxc3 31. Ng5 Ne2+ 32. Kg2 Nxf4+ 33. Bxf4 Qf5 34. g4 Qxf4 0-1


[Site "https://www.chess.com"]

[Event "Titled Tuesday Blitz January 10 Late 2023"]
[White "Timmermans, Mark"]
[Black "Taghizadeh, Rayan"]
[WhiteFideId "1026399"]
[BlackFideId "2054019"]
[WhiteElo "2392"]
[BlackElo "2273"]
[Result "0-1"]
[Round "05"]
[TimeControl "180+2"]
[Date "2023.01.10"]
[WhiteClock "0:00:08"]
[BlackClock "0:00:08"]

1. e4 c5 2. Nf3 e6 3. d4 cxd4 4. Nxd4 a6 5. c4 Nf6 6. Nc3 Qc7 7. a3 b6 8. Be3 Bb7 9. f3 Nc6 10. Be2 h5 11. O-O Nxd4 12. Bxd4 Bd6 13. h3 h4 14. Rc1 Nh5 15. Qd2 Bf4 16. Qc2 Bh2+ 17. Kf2 Qg3+ 18. Ke3 Qxg2 19. Kd3 Nf4+ 20. Kd2 d5 21. Rce1 dxe4 22. Kc1 exf3 23. Bxf3 Bxf3 24. Rf2 Qg3 25. Ref1 Bg2 26. Rxf4 Bxf1 27. Rxf1 Qxh3 28. Qe2 O-O 29. Ne4 f6 30. Kc2 e5 31. Bxb6 Bf4 32. c5 Qe6 33. Rg1 h3 34. Rh1 h2 35. Rxh2 Bxh2 36. Qxh2 Qf5 37. Qe2 Rab8 38. Bc7 Qe6 39. Bxb8 Rxb8 40. Nd6 Qb3+ 41. Kc1 Qa4 42. Qd3 Qd4 43. Qxa6 Qxc5+ 44. Kb1 Rd8 45. Nb7 Qc8 46. Qb6 Rd7 47. Nc5 Qd8 48. Nxd7 Qxd7 49. a4 Qxa4 50. Qd8+ Kh7 51. Qd3+ e4 52. Qh3+ Kg6 53. Qg4+ Kf7 54. Qh5+ g6 55. Qh7+ Ke6 56. Qxg6 Qc6 57. Qg8+ Ke5 58. Qg3+ Kd4 59. Qf2+ e3 60. Qf4+ Qe4+ 61. Qxe4+ Kxe4 0-1


[Site "https://www.chess.com"]

[Event "Titled Tuesday Blitz January 10 Late 2023"]
[White "Rustemov, Alexander"]
[Black "Hansen, Torbjorn Ringdal"]
[WhiteFideId "4119002"]
[BlackFideId "1501720"]
[WhiteElo "2525"]
[BlackElo "2432"]
[Result "1/2-1/2"]
[Round "05"]
[TimeControl "180+2"]
[Date "2023.01.10"]
[WhiteClock "0:00:16"]
[BlackClock "0:00:13"]

1. d4 f5 2. g3 Nf6 3. Bg2 g6 4. c4 Bg7 5. Nf3 O-O 6. O-O d6 7. Nc3 Nc6 8. d5 Ne5 9. Nxe5 dxe5 10. Qb3 e4 11. c5 e6 12. Rd1 exd5 13. Nxd5 Be6 14. Nxf6+ Qxf6 15. Qxb7 a5 16. Bf4 a4 17. Bxc7 Qxb2 18. Qc6 Qf6 19. Bb6 Rfc8 20. Qb5 Qb2 21. Qxb2 Bxb2 22. a3 Bxa1 23. Rxa1 Bc4 24. f3 Bd5 25. Rd1 exf3 26. exf3 Bc6 27. Rd6 Kf7 28. Kf2 Ke7 29. Bf1 Rab8 30. Rd4 Rb7 31. Ba6 Rd7 32. Rxd7+ Kxd7 33. Bxc8+ Kxc8 34. f4 Kd7 35. Ke3 Ke6 36. Kd4 Bd7 37. Ba5 Bc6 38. Bc3 Bd7 39. Kc4 Bc6 40. Bg7 Bd7 41. Bh6 Bc6 42. Kb4 Kd5 43. Bf8 Bd7 44. Bd6 Bc6 45. Ka5 Be8 46. Kb6 Bc6 47. Kc7 Bb5 48. Kd8 Ke6 49. h3 h5 50. Kc7 Kd5 51. Kd8 Ke6 52. Bf8 Bc6 53. Kc7 Kd5 54. Be7 Bb5 55. Kb6 Be8 56. Bg5 Bd7 57. Kc7 Bb5 58. Be7 Be8 59. Bd6 Bb5 60. Kd8 Ke6 1/2-1/2


[Site "https://www.chess.com"]

[Event "Titled Tuesday Blitz January 10 Late 2023"]
[White "Goltsev, Dmitry"]
[Black "Kaplan, Avi Harrison"]
[WhiteFideId "24176710"]
[BlackFideId "30934559"]
[WhiteElo "2269"]
[BlackElo "2146"]
[Result "0-1"]
[Round "05"]
[TimeControl "180+2"]
[Date "2023.01.10"]
[WhiteClock "0:01:42"]
[BlackClock "0:00:39"]

1. e4 c5 2. Nf3 d6 3. d4 cxd4 4. Nxd4 Nf6 5. Nc3 a6 6. Be2 e5 7. Nb3 Be7 8. Be3 O-O 9. Nd5 Nxd5 10. exd5 f5 11. f3 Nd7 12. c4 Bg5 13. Bf2 Bh4 14. g3 Bf6 15. O-O e4 16. Nd4 Nc5 17. b4 exf3 18. Bxf3 Ne4 19. Bxe4 fxe4 20. Be3 Bh3 21. Rf2 Qd7 22. Rc1 Be5 23. Rcc2 Qa4 24. Qh5 Bxd4 25. Bxd4 Qxc2 26. Qxh3 Qd1+ 27. Kg2 Qxd4 28. Qe6+ Kh8 29. Rxf8+ Rxf8 30. Qxd6 Qf2+ 31. Kh3 Qf1+ 32. Kg4 Qf5+ 33. Kh4 Qf6+ 34. Qxf6 Rxf6 35. c5 e3 36. d6 e2 37. d7 Rf8 38. c6 bxc6 39. b5 axb5 40. a4 bxa4 41. d8=Q Rxd8 42. Kh5 e1=Q 43. h4 Rd5+ 44. Kg4 Qe2+ 45. Kh3 Rd3 46. h5 Qf3 47. h6 Qxg3# 0-1


[Site "https://www.chess.com"]

[Event "Titled Tuesday Blitz January 10 Late 2023"]
[White "Novikov, Evgenij"]
[Black "Tanenbaum, Zachary"]
[WhiteFideId "4125380"]
[BlackFideId "2060850"]
[WhiteElo "2276"]
[BlackElo "2261"]
[Result "0-1"]
[Round "05"]
[TimeControl "180+2"]
[Date "2023.01.10"]
[WhiteClock "0:00:02"]
[BlackClock "0:00:43"]

1. d4 d5 2. c4 dxc4 3. e3 e5 4. Bxc4 Nc6 5. Qb3 Bb4+ 6. Nd2 Qe7 7. Nf3 exd4 8. O-O Na5 9. Bxf7+ Kf8 10. Bxg8 Nxb3 11. Bxb3 Be6 12. Bxe6 Qxe6 13. Nxd4 Qd7 14. a3 Bxd2 15. Bxd2 c5 16. Nf3 Re8 17. Rfd1 Qc6 18. Rac1 h6 19. Rxc5 Qa4 20. Rdc1 Kf7 21. Ne5+ Kg8 22. Ng6 Rd8 23. Be1 Rd1 24. Rc8+ Kh7 25. Nxh8 Qg4 26. Nf7 Rxe1+ 27. Rxe1 Qxc8 28. Ne5 Qc2 29. b4 Qc3 30. Nf3 Qxa3 31. b5 Qb4 32. Ra1 Qxb5 33. Nd4 Qb2 34. Rd1 a5 35. h4 a4 36. Ne6 a3 37. Rd7 a2 38. h5 Qa1+ 39. Kh2 Qe5+ 40. Nf4 a1=Q 41. Rxb7 Qe1 42. Rb4 Qxb4 0-1


[Site "https://www.chess.com"]

[Event "Titled Tuesday Blitz January 10 Late 2023"]
[White "Mortazavi, Ali"]
[Black "Klukin, Kirill"]
[WhiteFideId "401323"]
[BlackFideId "24199273"]
[WhiteElo "2333"]
[BlackElo "2390"]
[Result "0-1"]
[Round "05"]
[TimeControl "180+2"]
[Date "2023.01.10"]
[WhiteClock "0:00:02"]
[BlackClock "0:00:08"]

1. Nf3 c5 2. e4 Nc6 3. d3 g6 4. g3 Bg7 5. Bg2 e6 6. O-O Nge7 7. c3 O-O 8. Re1 d5 9. e5 b5 10. h4 Qc7 11. Bf4 Bb7 12. Nbd2 a5 13. Nf1 a4 14. a3 d4 15. Qe2 dxc3 16. bxc3 Nd5 17. Bd2 b4 18. cxb4 cxb4 19. axb4 Ncxb4 20. Rec1 Qd7 21. Rc4 Nc6 22. h5 a3 23. hxg6 fxg6 24. Rh4 a2 25. d4 Ra4 26. Be3 Ba6 27. Qd1 Ncb4 28. Bh3 Nc3 29. Qb3 Ne2+ 30. Kg2 Nd5 31. Ng5 Bb7 32. Qxb7 Qxb7 33. Bxe6+ Rf7 34. Bxf7+ Kf8 35. Kh2 h6 36. Ne6+ Kxf7 37. Nc5 Qc6 38. Nxa4 Qxa4 39. e6+ Kxe6 40. Re4+ Kf7 41. Bc1 Nxc1 42. Re1 Nb3 0-1


[Site "https://www.chess.com"]

[Event "Titled Tuesday Blitz January 10 Late 2023"]
[White "Duda, Jan-Krzysztof"]
[Black "Lopez Gracia, Fernando"]
[WhiteFideId "1170546"]
[BlackFideId "2207184"]
[WhiteElo "2724"]
[BlackElo "2255"]
[Result "1-0"]
[Round "05"]
[TimeControl "180+2"]
[Date "2023.01.10"]
[WhiteClock "0:02:21"]
[BlackClock "0:01:37"]

1. b3 e5 2. Bb2 Nc6 3. e3 Nf6 4. Nf3 Bd6 5. c4 e4 6. Nd4 Nxd4 7. Bxd4 c6 8. Nc3 O-O 9. Bxf6 Qxf6 10. Nxe4 Qe7 11. Nxd6 Qxd6 12. Be2 Qf6 13. O-O d6 14. Rc1 a5 15. Qc2 Bf5 16. Qc3 Qg6 17. Rfe1 c5 18. d4 b6 19. Rcd1 a4 20. b4 Rac8 21. a3 Be6 22. dxc5 dxc5 23. Rd6 Rfd8 24. Rxb6 cxb4 25. Rxb4 Qe4 26. Rxa4 Qc6 27. Rb4 Ra8 28. Bf3 1-0


[Site "https://www.chess.com"]

[Event "Titled Tuesday Blitz January 10 Late 2023"]
[White "Bluebaum, Matthias"]
[Black "Leiva, Gianmarco"]
[WhiteFideId "24651516"]
[BlackFideId "3804399"]
[WhiteElo "2669"]
[BlackElo "2392"]
[Result "1-0"]
[Round "05"]
[TimeControl "180+2"]
[Date "2023.01.10"]
[WhiteClock "0:00:51"]
[BlackClock "0:00:02"]

1. d4 Nf6 2. c4 e6 3. Nc3 Bb4 4. e3 O-O 5. Bd2 d5 6. Nf3 b6 7. cxd5 exd5 8. Rc1 Bb7 9. Bd3 Nbd7 10. O-O a6 11. Ne5 Re8 12. f4 c5 13. a3 Bxc3 14. Bxc3 c4 15. Bf5 b5 16. Qf3 Nb6 17. Ba5 Qd6 18. Bc2 Ne4 19. f5 f6 20. Ng4 Na4 21. Bxa4 bxa4 22. Rce1 Bc6 23. Nf2 Ng5 24. Qd1 Rab8 25. Bc3 Rb3 26. h4 Ne4 27. Nxe4 Rxe4 28. Rf4 Rxf4 29. exf4 Qxf4 30. Qh5 Rb8 31. Re7 Kh8 32. Qf7 Rg8 33. Qe6 Qc1+ 34. Kh2 Qf4+ 35. Kh3 Bb5 36. Qxd5 h5 37. Qf3 Qxf3+ 38. gxf3 Bc6 39. Kg3 Rb8 40. Re6 Bd7 41. Rxa6 Re8 42. Kf4 Re2 43. d5 Rh2 44. Ra7 Bb5 45. d6 Rxh4+ 46. Kg3 Rh1 47. d7 Bxd7 48. Rxd7 h4+ 49. Kg2 Rc1 50. Rd4 Rc2+ 51. Kh3 Rf2 52. Rxh4+ Kg8 53. Rxc4 Rxf3+ 54. Kg4 Rd3 55. Rxa4 Rd1 56. Rd4 Rg1+ 57. Kf4 Kf7 58. a4 1-0


[Site "https://www.chess.com"]

[Event "Titled Tuesday Blitz January 10 Late 2023"]
[White "Bjelobrk, Igor"]
[Black "Oparin, Grigoriy"]
[WhiteFideId "4300726"]
[BlackFideId "24125890"]
[WhiteElo "2403"]
[BlackElo "2667"]
[Result "0-1"]
[Round "05"]
[TimeControl "180+2"]
[Date "2023.01.10"]
[WhiteClock "0:00:17"]
[BlackClock "0:01:02"]

1. Nf3 c5 2. c4 Nf6 3. d4 cxd4 4. Nxd4 e6 5. g3 d5 6. Bg2 Nc6 7. O-O Bc5 8. Nb3 Bb6 9. cxd5 exd5 10. Nc3 d4 11. Na4 O-O 12. Nxb6 axb6 13. Bg5 h6 14. Bxf6 Qxf6 15. Bxc6 bxc6 16. Qxd4 Qe7 17. Qxb6 Qxe2 18. Qxc6 Bh3 19. Rfe1 Qxb2 20. Qc1 Qf6 21. Qf4 Qxf4 22. gxf4 Ra4 23. Re3 Bf5 24. Nd2 Rfa8 25. a3 Rxf4 26. Nf3 Rg4+ 27. Kf1 Rga4 28. Kg2 g5 29. h3 Kg7 30. Kg3 R8a7 31. Ne5 h5 32. f3 h4+ 33. Kh2 Rc7 34. Ra2 f6 35. Ng4 Rc1 36. Rae2 Kg6 37. Rb2 Ra1 38. Kg2 Ra6 39. Rc3 Be6 40. Re3 R1xa3 41. Rxa3 Rxa3 42. Rb6 Ra2+ 43. Kg1 Bxg4 44. fxg4 Rd2 45. Kh1 Kf7 46. Kg1 Ke7 47. Kh1 Rd6 48. Rb5 Ke6 49. Kg2 Rd5 50. Rb4 Ke5 51. Ra4 Rd2+ 52. Kg1 Rd4 53. Ra3 Kf4 54. Kf2 Rd2+ 55. Kg1 Re2 56. Rb3 Re3 57. Rb6 Kg3 58. Kf1 Rf3+ 59. Ke2 Rf2+ 60. Ke3 Rf4 0-1


[Site "https://www.chess.com"]

[Event "Titled Tuesday Blitz January 10 Late 2023"]
[White "Remizov, Yaroslav"]
[Black "Sourath Biswas"]
[WhiteFideId "34134015"]
[BlackFideId "35091484"]
[WhiteElo "2421"]
[BlackElo "2281"]
[Result "1-0"]
[Round "05"]
[TimeControl "180+2"]
[Date "2023.01.10"]
[WhiteClock "0:00:46"]
[BlackClock "0:00:04"]

1. e4 c6 2. d4 d5 3. Nc3 dxe4 4. Nxe4 Bf5 5. Ng3 Bg6 6. Bc4 e6 7. N1e2 Bd6 8. O-O Nf6 9. f4 O-O 10. f5 exf5 11. Nxf5 Bc7 12. Bg5 Nbd7 13. h3 Qe8 14. c3 h6 15. Bxf6 Nxf6 16. Nxh6+ gxh6 17. Rxf6 Qe3+ 18. Rf2 b5 19. Bb3 Rae8 20. Qc1 Qd3 21. Qxh6 a5 22. Nf4 Bxf4 23. Qxf4 a4 24. Bc2 Qc4 25. Bf5 Bxf5 26. Qxf5 Re6 27. Raf1 Rg6 28. Qxg6+ fxg6 29. Rxf8+ Kg7 30. R1f7+ Kh6 31. Rh8+ Kg5 32. Rf2 a3 33. Kh2 axb2 34. g3 1-0


[Site "https://www.chess.com"]

[Event "Titled Tuesday Blitz January 10 Late 2023"]
[White "Korchmar, Vasiliy"]
[Black "Zhigalko, Sergei"]
[WhiteFideId "24131750"]
[BlackFideId "13502956"]
[WhiteElo "2438"]
[BlackElo "2572"]
[Result "0-1"]
[Round "05"]
[TimeControl "180+2"]
[Date "2023.01.10"]
[WhiteClock "0:00:01"]
[BlackClock "0:00:16"]

1. e4 c5 2. Nf3 Nc6 3. d4 cxd4 4. Nxd4 Nf6 5. Nc3 e5 6. Ndb5 d6 7. Nd5 Nxd5 8. exd5 Nb8 9. a4 Be7 10. Be2 O-O 11. O-O Nd7 12. Kh1 f5 13. f4 a6 14. Na3 exf4 15. Bxf4 g5 16. Be3 Ne5 17. a5 Bd7 18. Bb6 Qe8 19. Bh5 Qc8 20. c4 f4 21. b4 Bf5 22. Bd4 Bf6 23. c5 Qd7 24. Bxe5 dxe5 25. Nc4 g4 26. Nb6 Qg7 27. Nxa8 Rxa8 28. d6 Kh8 29. Qd5 Rf8 30. Rad1 Qh6 31. Bxg4 Bxg4 32. Rde1 Qg7 33. b5 axb5 34. a6 bxa6 35. c6 Rg8 36. d7 Be6 37. Qe4 Bf5 38. Qd5 e4 39. Rg1 Qg4 40. Rc1 f3 41. Rc2 Be6 42. Qd6 e3 43. c7 f2 0-1


[Site "https://www.chess.com"]

[Event "Titled Tuesday Blitz January 10 Late 2023"]
[White "Movahed, Sina"]
[Black "Saveliev, Alexei"]
[WhiteFideId "42520835"]
[BlackFideId "24128546"]
[WhiteElo "2340"]
[BlackElo "2385"]
[Result "1-0"]
[Round "05"]
[TimeControl "180+2"]
[Date "2023.01.10"]
[WhiteClock "0:00:46"]
[BlackClock "0:00:44"]

1. e4 g6 2. d4 Bg7 3. Nf3 d6 4. Bd3 Nc6 5. c3 Nf6 6. O-O O-O 7. h3 Nd7 8. Re1 e5 9. Be3 Kh8 10. Nbd2 f5 11. exf5 gxf5 12. Bg5 Qe8 13. dxe5 dxe5 14. Nh4 Nc5 15. Bc2 Be6 16. Be3 Nd7 17. Ndf3 Rd8 18. Ng5 Bg8 19. Nxf5 Nf6 20. Qe2 Nd5 21. Nxg7 Kxg7 22. Qg4 Kh8 23. Bc1 Qd7 24. Qh4 Qg7 25. g3 Rd6 26. Ne4 Rg6 27. Nc5 Rgf6 28. Re2 b6 29. Ne4 Rg6 30. Ng5 Nce7 31. Bxg6 Nxg6 32. Qe4 Nf6 33. Qc2 Bd5 34. c4 Bg8 35. b3 h6 36. Ne4 Bh7 37. Nxf6 Qxf6 38. Qc3 Qf5 39. Bxh6 Rg8 40. g4 Qf6 41. Rae1 Re8 42. f4 Nh4 43. Bg5 1-0


[Site "https://www.chess.com"]

[Event "Titled Tuesday Blitz January 10 Late 2023"]
[White "Klose, Eli"]
[Black "Holt, Conrad"]
[WhiteFideId "16242955"]
[BlackFideId "2034387"]
[WhiteElo "1519"]
[BlackElo "2540"]
[Result "1-0"]
[Round "05"]
[TimeControl "180+2"]
[Date "2023.01.10"]
[WhiteClock "0:00:11"]
[BlackClock "0:00:03"]

1. e4 e6 2. Nf3 d5 3. e5 c5 4. b4 cxb4 5. a3 Qa5 6. d4 Bd7 7. Bd3 Bb5 8. O-O Bxd3 9. Qxd3 Nc6 10. Nbd2 Rc8 11. Nb3 Qb6 12. Bd2 bxa3 13. Rfb1 Qc7 14. c3 b6 15. h3 Nge7 16. Rxa3 Nf5 17. Ra2 Be7 18. g4 Nh4 19. Nxh4 Bxh4 20. g5 Qd8 21. f4 h6 22. Rf1 hxg5 23. f5 Qd7 24. Be3 Ne7 25. fxe6 fxe6 26. Nd2 Nf5 27. Nf3 O-O 28. Bxg5 Bxg5 29. Nxg5 Qe7 30. Rg2 b5 31. Rf4 b4 32. cxb4 Qxb4 33. Nxe6 Rc3 34. Qf1 Rfc8 35. Rxf5 Rc1 36. Rxg7+ Kh8 37. Rh5# 1-0


[Site "https://www.chess.com"]

[Event "Titled Tuesday Blitz January 10 Late 2023"]
[White "Adewumi, Tanitoluwa"]
[Black "Kozak, Adam"]
[WhiteFideId "30966396"]
[BlackFideId "753246"]
[WhiteElo "2283"]
[BlackElo "2572"]
[Result "1-0"]
[Round "05"]
[TimeControl "180+2"]
[Date "2023.01.10"]
[WhiteClock "0:00:04"]
[BlackClock "0:00:04"]

1. e4 e6 2. d4 d5 3. exd5 Qxd5 4. c4 Qd8 5. Nc3 Nf6 6. Nf3 b6 7. Bd3 Bb7 8. O-O Be7 9. Re1 O-O 10. Bg5 Nbd7 11. Qe2 Re8 12. Rad1 Nf8 13. Ne5 N6d7 14. Bf4 Ng6 15. Bg3 Bh4 16. Bxh4 Nxh4 17. Bxh7+ Kf8 18. Be4 Bxe4 19. Qxe4 Nxe5 20. dxe5 Qg5 21. g3 Ng6 22. h4 Qh5 23. Rd7 c5 24. Nb5 Rad8 25. Rxa7 Rd1 26. Rxd1 Qxd1+ 27. Kg2 Rd8 28. Nd6 Nxe5 29. Qh7 Qf3+ 30. Kg1 Qd1+ 31. Kh2 Rd7 32. Qh8+ Ke7 33. Nc8+ Kf6 34. Rxd7 Qxd7 35. Nxb6 Qd2 36. Kg2 Ng4 37. Nd7+ Qxd7 38. Qh5 Qc6+ 39. f3 Ne3+ 40. Kf2 Nd1+ 41. Ke2 Ke7 42. Qg5+ Ke8 43. Kxd1 Qa4+ 44. b3 Qxa2 45. Qxc5 Qxb3+ 46. Ke2 Qc2+ 47. Kf1 Qd1+ 48. Kg2 Qd2+ 49. Kh3 Qd1 50. Qc6+ Ke7 51. Qc7+ Kf8 52. Qc5+ Ke8 53. Qe3 Qf1+ 54. Kg4 Qxc4+ 55. Qf4 Qd5 56. Kh3 Qd1 57. Kg4 Qd7 58. Qe3 g6 59. Kh3 Qd1 60. Kg2 Qc2+ 61. Kh3 Qc6 62. Qf4 Qd5 63. Qe4 Qd7 64. g4 Ke7 65. Kg3 Qc7+ 66. Qf4 Qd7 67. Qg5+ Ke8 68. Qe5 Qc6 69. Qh8+ Ke7 70. Qe5 Qc1 71. Qg5+ Qxg5 72. hxg5 e5 73. Kf2 Ke6 74. Ke3 Kd5 75. Kd3 Kd6 76. Ke3 Kc5 77. Ke4 Kd6 78. Kd3 Kd5 79. Ke3 e4 80. f4 Kd6 81. Kxe4 Ke6 82. Kd4 Kd6 83. f5 Kd7 84. Ke5 Ke7 85. Kd5 Kd7 86. Ke4 Ke7 87. fxg6 fxg6 88. Ke5 Kf7 89. Kd6 Kf8 90. Ke6 Kg7 91. Ke7 Kh7 92. Kf6 Kh8 93. Kxg6 Kg8 94. Kf6 Kf8 95. g6 Kg8 96. g7 Kh7 97. Kf7 Kh6 98. g5+ Kh5 99. g8=Q Kg4 100. g6 Kf4 101. g7 Ke3 102. Qh7 Kd2 103. g8=Q Kc3 104. Qg3+ Kb2 105. Qhd3 Kc1 106. Qe1+ Kb2 107. Qeb1# 1-0


[Site "https://www.chess.com"]

[Event "Titled Tuesday Blitz January 10 Late 2023"]
[White "Vasquez Schroeder, Rodrigo"]
[Black "Andreev, Eduard"]
[WhiteFideId "3400042"]
[BlackFideId "14103400"]
[WhiteElo "2524"]
[BlackElo "2413"]
[Result "1/2-1/2"]
[Round "05"]
[TimeControl "180+2"]
[Date "2023.01.10"]
[WhiteClock "0:01:34"]
[BlackClock "0:00:31"]

1. e4 c6 2. d4 d5 3. exd5 cxd5 4. c4 Nf6 5. Nc3 Nc6 6. Bg5 Ne4 7. cxd5 Nxc3 8. bxc3 Qxd5 9. Be3 e5 10. Nf3 Bg4 11. Be2 exd4 12. Nxd4 Bxe2 13. Qxe2 Qxg2 14. Bf4+ Be7 15. O-O-O Nxd4 16. cxd4 Rc8+ 17. Kb2 Qc6 18. Rhe1 Qc3+ 19. Kb1 Qb4+ 20. Ka1 Qc3+ 21. Kb1 Qb4+ 22. Ka1 Qc3+ 23. Kb1 1/2-1/2


[Site "https://www.chess.com"]

[Event "Titled Tuesday Blitz January 10 Late 2023"]
[White "Makridis, Dimitrios"]
[Black "Karas, Marek"]
[WhiteFideId "25864475"]
[BlackFideId "14928558"]
[WhiteElo "2356"]
[BlackElo "2227"]
[Result "1-0"]
[Round "05"]
[TimeControl "180+2"]
[Date "2023.01.10"]
[WhiteClock "0:00:42"]
[BlackClock "0:00:21"]

1. d4 Nf6 2. c4 e6 3. Nf3 d5 4. g3 Bb4+ 5. Bd2 Be7 6. Bg2 O-O 7. O-O c6 8. Nc3 Nbd7 9. Qc2 b6 10. b3 Bb7 11. e4 Rc8 12. e5 Ne8 13. h4 Nc7 14. Ng5 g6 15. Nf3 c5 16. Bh6 Re8 17. Rad1 dxc4 18. bxc4 cxd4 19. Nxd4 Bxg2 20. Kxg2 Na6 21. Ncb5 Ra8 22. h5 Qc8 23. hxg6 hxg6 24. Rfe1 Nac5 25. Nf3 a6 26. Nd6 Bxd6 27. exd6 Qd8 28. Rh1 Qf6 29. Rh4 e5 30. Bg5 Qg7 31. Rdh1 Ne6 32. Qe4 Rac8 33. Qb7 Nec5 34. Qd5 Ne6 35. Be3 Rb8 36. Rh8+ Qxh8 37. Rxh8+ Kxh8 38. Nxe5 Nxe5 39. Qxe5+ Kg8 40. Bc1 Rbd8 41. Bb2 Kh7 42. Qf6 g5 43. Qxf7+ Kh6 44. d7 1-0


[Site "https://www.chess.com"]

[Event "Titled Tuesday Blitz January 10 Late 2023"]
[White "Tan, Zhongyi"]
[Black "Lopez Mulet, Inigo"]
[WhiteFideId "8603642"]
[BlackFideId "22235620"]
[WhiteElo "2517"]
[BlackElo "2403"]
[Result "0-1"]
[Round "05"]
[TimeControl "180+2"]
[Date "2023.01.10"]
[WhiteClock "0:00:09"]
[BlackClock "0:01:25"]

1. d4 Nf6 2. Bf4 b6 3. e3 Bb7 4. Nf3 g6 5. Bd3 Bg7 6. h3 O-O 7. O-O c5 8. c4 d6 9. Nc3 Nbd7 10. d5 a6 11. a4 Ne8 12. Qc2 e5 13. Bh2 f5 14. Nd2 Qh4 15. a5 Nef6 16. axb6 Nxb6 17. e4 f4 18. Rfb1 Bc8 19. Bf1 g5 20. f3 h5 21. b4 Nbd7 22. Na4 g4 23. bxc5 dxc5 24. fxg4 hxg4 25. hxg4 Nxg4 26. Nf3 Qh5 27. Ra3 Rf6 28. g3 Ne3 29. Qf2 fxg3 30. Qxe3 Rxf3 31. Bxg3 Rxe3 32. Rxe3 Nf6 33. Be2 Qh6 34. Reb3 Nxe4 35. Rb8 Rxb8 36. Rxb8 Qe3+ 0-1


[Site "https://www.chess.com"]

[Event "Titled Tuesday Blitz January 10 Late 2023"]
[White "Injac, Teodora"]
[Black "Yang, Kevin"]
[WhiteFideId "932400"]
[BlackFideId "30908485"]
[WhiteElo "2391"]
[BlackElo "2096"]
[Result "0-1"]
[Round "05"]
[TimeControl "180+2"]
[Date "2023.01.10"]
[WhiteClock "0:00:02"]
[BlackClock "0:00:02"]

1. Nf3 Nf6 2. c4 e6 3. d4 c5 4. d5 b5 5. cxb5 exd5 6. g3 Bb7 7. Bg2 d4 8. O-O Be7 9. b4 cxb4 10. Nxd4 Bxg2 11. Kxg2 O-O 12. Nd2 a6 13. bxa6 Nxa6 14. Bb2 Re8 15. N2b3 Qb6 16. f3 Nd5 17. Nf5 Ne3+ 18. Nxe3 Qxe3 19. Bd4 Qe6 20. e4 d5 21. Re1 Bf8 22. Qd3 Nc7 23. e5 Qa6 24. Qe3 Nb5 25. f4 Na3 26. Re2 Rac8 27. Rf1 Nc2 28. Qf3 Qxa2 29. Rff2 Qb1 30. Kh3 Nxd4 31. Nxd4 Bc5 32. Rf1 Qg6 33. Nb3 Red8 34. f5 Qh6+ 35. Kg2 Bf8 36. e6 fxe6 37. fxe6 Qf6 38. Qg4 Qe7 39. Rf7 Qe8 40. Nd4 Rc4 41. Ref2 Rxd4 42. Qxd4 Qxe6 0-1


[Site "https://www.chess.com"]

[Event "Titled Tuesday Blitz January 10 Late 2023"]
[White "Domingo Nunez, Alejandro"]
[Black "Krallis, Christos"]
[WhiteFideId "22245561"]
[BlackFideId "4298896"]
[WhiteElo "2338"]
[BlackElo "2344"]
[Result "1-0"]
[Round "05"]
[TimeControl "180+2"]
[Date "2023.01.10"]
[WhiteClock "0:01:24"]
[BlackClock "0:00:45"]

1. Nf3 c5 2. g3 Nc6 3. d4 cxd4 4. Nxd4 g6 5. Bg2 Bg7 6. Nxc6 bxc6 7. c4 Nf6 8. Nc3 O-O 9. O-O a5 10. Qc2 Qc7 11. b3 Bb7 12. Bb2 d5 13. cxd5 cxd5 14. Rac1 Rfc8 15. Qd2 Qd7 16. Na4 Rxc1 17. Rxc1 Qd8 18. Nc5 Bc6 19. Ne6 fxe6 20. Rxc6 Ne4 21. Bxe4 dxe4 22. Qxd8+ Rxd8 23. Bxg7 Kxg7 24. Rxe6 Rd2 25. Rxe7+ Kf6 26. Rxe4 Rxa2 27. Kg2 Rb2 28. Re3 1-0


[Site "https://www.chess.com"]